 Dungeon Crawl Stone Soup version 0.27-a0-203-gd48b2df3c9 (webtiles) character file.

Game seed: 8479313191128830969

97 wakim the Ruffian (level 4, -1/37 HPs)
             Began as a Draconian Transmuter on Jan 30, 2021.
             Slain by an orc
             ... wielding a +2 dagger of freezing
              (2 damage)
             ... on level 3 of the Dungeon.
             The game lasted 00:05:52 (2514 turns).

wakim the Ruffian (Draconian Transmuter)            Turns: 2514, Time: 00:05:52

Health: -1/37      AC:  5    Str: 12    XL:     4   Next: 42%
Magic:  6/7        EV: 12    Int: 15    God:
Gold:   107        SH:  0    Dex: 11    Spells: 4/7 levels left

rFire    + . .     SeeInvis .     - Unarmed
rCold    . . .     Faith    .   (no shield)
rNeg     . . .     Spirit   .   (armour unavailable)
rPois    .         Reflect  .   (helmet restricted)
rElec    .         Harm     .   (no cloak)
rCorr    .         Rampage  .   (no gloves)
Will     .....                  (no boots)
Stlth    +.........             (no amulet)
HPRegen  0.12/turn              e - ring of protection from fire
MPRegen  0.10/turn              (no ring)

@: no status effects
A: unfitting armour, cold-blooded, AC +5
a: no special abilities


You were on level 3 of the Dungeon.
You visited 1 branch of the dungeon, and saw 3 of its levels.

You collected 107 gold pieces.

Inventory:

Jewellery
 e - a ring of protection from fire (left hand)
Scrolls
 a - 2 scrolls of identify {unknown}
 b - 5 scrolls of teleportation {unknown}
 c - a scroll of remove curse {unknown}
 d - a scroll of fear {unknown}
 f - a scroll of amnesia {unknown}
 i - a scroll of blinking {unknown}
 m - a scroll of magic mapping {unknown}
Potions
 g - a potion of degeneration {unknown}
 h - a potion of resistance {unknown}
 j - a potion of flight {unknown}
 k - a potion of heal wounds {unknown}
 l - 2 potions of curing {unknown}
 n - a potion of lignification {unknown}


   Skills:
 + Level 2.3 Fighting
 - Level 1.7 Dodging
 * Level 4.2 Unarmed Combat
 - Level 2.0 Spellcasting
 * Level 3.0 Transmutations


You had 4 spell levels left.
You knew the following spells:

 Your Spells              Type           Power        Failure   Level
a - Beastly Appendage     Tmut           20%          6%          1
b - Wereblood             Tmut           10%          10%         2

Your spell library contained the following spells:

 Spells                   Type           Power        Failure   Level
 Spider Form              Tmut/Pois      3%           34%         3
 Ice Form                 Ice/Tmut       6%           75%         4
 Blade Hands              Tmut           5%           87%         5


Dungeon Overview and Level Annotations

Branches:
Dungeon (3/15)

Altars:


Innate Abilities, Weirdness & Mutations

Your plain brown scales are hard. (AC +5)
You cannot fit into any form of body armour.
You are cold-blooded and may be slowed by cold attacks.


Message History

You are electrocuted!
* * * LOW HITPOINT WARNING * * *
Items here: )) †††.
You feel yourself speed up.
You hit the orc.
The orc is almost dead.
Your primal bloodlust has ended.
The orc completely misses you.
You barely miss the orc.
The orc is almost dead.
The orc barely misses you.
You barely miss the orc.
The orc is almost dead.
The orc misses you.
You barely miss the orc.
The orc is almost dead.
The orc hits you with a +2 dagger of freezing.
* * * LOW HITPOINT WARNING * * *
The orc freezes you.
You die...

### ##.## ##.#.##
##.###.########
#########.#####........
#.....<..........######
#.#######†#..##@##
##.## ##...#o##
#...#### ##..b##
........# #..##
#...###............?.
##.#.#♣#.P...?.######
#.#.P≈≈.≈≈.≈≈..
#...≈≈.≈≈≈≈≈.P.#
###.≈≈≈≈≈≈≈.≈≈P#


You could see an orc and a bat.

Vanquished Creatures
  4 adders
  3 worms (D:2)
  2 leopard geckos
  5 bats
  5 giant cockroaches
  5 goblins
  8 hobgoblins
  6 frilled lizards
  5 kobolds
  9 rats
52 creatures vanquished.

Vanquished Creatures (others)
  2 plants
2 creatures vanquished.

Grand Total: 54 creatures vanquished

Notes
Turn   | Place    | Note
-------+----------+-------------------------------------------
     0 | D:1      | wakim the Draconian Transmuter began the quest for the Orb.
     0 | D:1      | Reached XP level 1. HP: 16/16 MP: 3/3
   294 | D:1      | Reached XP level 2. HP: 13/23 MP: 5/5
   428 | D:1      | Learned a level 2 spell: Wereblood
  1373 | D:2      | Reached XP level 3. HP: 29/29 MP: 4/6
  1816 | D:2      | Found a faded altar of an unknown god.
  1829 | D:2      | Reached skill level 4 in Unarmed Combat
  1888 | D:2      | Reached XP level 4. HP: 34/36 MP: 5/7
  2514 | D:3      | HP: 1/37 [orc/+2 dagger of freezing (3)]
  2514 | D:3      | Slain by an orc

Illustrated notes

Levels and vault maps discovered:
D:1:      grunt_arrival_lava_bath, layout_loops_ring, serial_forest,
          infiniplex_forest_zigzag_2, infiniplex_forest_clump_long,
          infiniplex_forest_clump_small, infiniplex_forest_fountain,
          infiniplex_forest_corner_1, infiniplex_forest_lined_ring
D:2:      layout_basic, chequers_ecumenical_altar_simple_redux,
          lemuel_old_faithful
D:3:      layout_loops_ring, makhleb_grotto_becter,
          amethyst_overflow_temple_binary,
          chequers_temple_overflow_statue_of_worship, serial_bayou_pond_b

Skill      XL: |  1  2  3  4 |
---------------+-------------+-----
Fighting       | 2 |  2.3
Unarmed Combat | 4 |  4.2
Transmutations | 3 |  3.0
Dodging        | |  1.7
Spellcasting   | |  2.0

Action                   |  1- 3 |  4- 6 || total
-------------------------+-------+-------++-------
Melee: Unarmed           |   102 |    56 ||   158
       Headbutt          |     9 |     6 ||    15
       Tailslap          |     8 |     3 ||    11
       Punch             |     1 |       ||     1
       Kick              |    16 |     2 ||    18
 Cast: Beastly Appendage |    23 |     5 ||    28
       Wereblood         |       |     1 ||     1
 Stab: Sleeping          |       |     1 ||     1
Armor: Skin              |    20 |    26 ||    46
Dodge: Dodged            |    53 |    35 ||    88

Table legend: (Time is in decaauts)
 A = Elapsed time spent in this place.
 B = Non-inter-level travel time spent in this place.
 C = Inter-level travel time spent in this place.
 D = Time resting spent in this place.
 E = Time spent auto-exploring this place.
 F = Levels seen in this place.
 G = Mean time per level.
                   A        B        C        D        E       F      G
               +--------+--------+--------+--------+--------+-----+--------+
         Total |   2504 |   2454 |     50 |    744 |   1316 |   3 |  834.7 |
       Dungeon |   2504 |   2454 |     50 |    744 |   1316 |   3 |  834.7 |
               +--------+--------+--------+--------+--------+-----+--------+

Top non-repeatable levels by time:
     D:1: 1428 daAuts
     D:2: 950 daAuts
     D:3: 125 daAuts
